General information
			
			
        
        - name: BNet
 
        - type: Ladder team game (AT/RT)
 
        - host: Battle.net
 
        - saver: Tranalis
 
        
map: Wetlands 
        - players: 4
 
        - length: 29:28
 
        - speed: Fast
 - version: 1.22 W3XP
 - replay type:  Public
 
» download(156 KB)
Players
        team 1 (winner) 
              
              
BuGAGAy) (
orange | 101 APM | 2967 actions | 29:28)
              
 6 Demon Hunter 
 3 Mana Burn
 2 Evasion
 1 Metamorphosis
 5 Naga Sea Witch 
 2 Frost Arrows
 3 Forked Lightning
 
                » actions 
                
                | Assign group hotkey | 117 |  | 
| Basic commands | 12 |  | 
| Build / train | 71 |  | 
| Enter build submenu | 14 |  | 
| Enter hero's abilities submenu | 14 |  | 
| Give item / drop item | 1 |  | 
| Remove unit from queue | 1 |  | 
| Right click | 1380 |  | 
| Select / deselect | 365 |  | 
| Select group hotkey | 823 |  | 
| Use ability | 169 |  | 
                2967 total
 » units 
                
                | Wisp | 16 |  | 
| Archer | 4 |  | 
| Huntress | 2 |  | 
| Dryad | 2 |  | 
| Druid of the Claw | 11 |  | 
                35 total
 » upgrades
                
                | Backpack | 1 |  | 
| Druid of the Claw Training | 2 |  | 
| Reinforced Hides | 1 |  | 
                4 total
 » buildings
                
                | Altar of Elders | 1 |  | 
| Moon Well | 4 |  | 
| Ancient of War | 1 |  | 
| Tree of Ages | 2 |  | 
| Hunter's Hall | 1 |  | 
| Ancient of Wonders | 1 |  | 
| Ancient of Lore | 2 |  | 
| Tree of Eternity | 4 |  | 
| Tree of Life | 2 |  | 
                18 total
 » build order
                00:15 Altar of Elders
00:21 Moon Well
00:35 Ancient of War
01:35 Moon Well
02:59 Tree of Ages
02:59 Tree of Ages
03:08 Hunter's Hall
03:59 Moon Well
04:49 Moon Well
04:52 Ancient of Wonders
05:26 Ancient of Lore
06:40 Ancient of Lore
07:07 Tree of Eternity
07:07 Tree of Eternity
13:41 Tree of Life
26:12 Tree of Life
» items
                
                | Potion of Healing | 5 |  | 
| Staff of Preservation | 1 |  | 
| Scroll of Town Portal | 4 |  | 
                10 total
  
               
              
              
Drenziil (
green | 72 APM | 2136 actions | 29:28)
              
 7 Archmage 
 3 Summon Water Elemental
 3 Brilliance Aura
 1 Mass Teleport
 4 Mountain King 
 2 Storm Bolt
 2 Thunder Clap
 
                » actions 
                
                | Basic commands | 344 |  | 
| Build / train | 94 |  | 
| Enter build submenu | 22 |  | 
| Enter hero's abilities submenu | 11 |  | 
| Remove unit from queue | 2 |  | 
| Right click | 1008 |  | 
| Select / deselect | 572 |  | 
| Use ability | 83 |  | 
                2136 total
 » units 
                
                | Peasant | 18 |  | 
| Footman | 8 |  | 
| Rifleman | 15 |  | 
| Sorceress | 2 |  | 
| Priest | 3 |  | 
| Mortar Team | 9 |  | 
| Spell Breaker | 7 |  | 
| Knight | 2 |  | 
                64 total
 » upgrades
                
                | Gunpowder | 3 |  | 
| Armor | 1 |  | 
| Long Rifles | 1 |  | 
| Lumber Harvesting | 1 |  | 
| Animal War Training | 1 |  | 
                7 total
 » buildings
                
                | Altar of Kings | 1 |  | 
| Barracks | 1 |  | 
| Farm | 9 |  | 
| Scout Tower | 1 |  | 
| Arcane Tower | 1 |  | 
| Arcane Vault | 1 |  | 
| Lumber Mill | 1 |  | 
| Keep | 1 |  | 
| Blacksmith | 1 |  | 
| Arcane Sanctum | 1 |  | 
| Workshop | 1 |  | 
| Town Hall | 3 |  | 
| Castle | 1 |  | 
                23 total
 » build order
                00:08 Altar of Kings
00:18 Barracks
00:29 Farm
00:46 Farm
01:46 Scout Tower
01:53 Farm
02:17 Arcane Tower
02:24 Arcane Vault
03:10 Farm
03:14 Lumber Mill
04:38 Keep
04:52 Blacksmith
05:15 Farm
06:32 Farm
07:18 Farm
07:49 Arcane Sanctum
10:11 Workshop
11:39 Farm
12:39 Town Hall
13:25 Town Hall
13:31 Town Hall
18:05 Castle
24:08 Farm
» items
                 
               team 2 (loser) 
              
              
Tranalis (
blue | 65 APM | 1904 actions | 29:28)
              
 6 Archmage 
 3 Summon Water Elemental
 2 Brilliance Aura
 1 Mass Teleport
 4 Mountain King 
 2 Storm Bolt
 2 Bash
 
                » actions 
                
                | Assign group hotkey | 16 |  | 
| Basic commands | 6 |  | 
| Build / train | 123 |  | 
| Enter build submenu | 34 |  | 
| Enter hero's abilities submenu | 10 |  | 
| Give item / drop item | 2 |  | 
| Right click | 986 |  | 
| Select / deselect | 505 |  | 
| Select group hotkey | 36 |  | 
| Use ability | 186 |  | 
                1904 total
 » units 
                
                | Peasant | 22 |  | 
| Footman | 8 |  | 
| Spell Breaker | 11 |  | 
| Priest | 7 |  | 
| Gryphon Rider | 3 |  | 
| Knight | 2 |  | 
                53 total
 » upgrades
                
                | Masonry | 2 |  | 
| Defend | 1 |  | 
| Lumber Harvesting | 2 |  | 
| Priest Training | 2 |  | 
| Swords | 2 |  | 
| Plating | 1 |  | 
| Armor | 1 |  | 
| Animal War Training | 1 |  | 
| Storm Hammers | 1 |  | 
                13 total
 » buildings
                
                | Altar of Kings | 1 |  | 
| Farm | 9 |  | 
| Barracks | 1 |  | 
| Scout Tower | 9 |  | 
| Arcane Tower | 1 |  | 
| Lumber Mill | 1 |  | 
| Town Hall | 1 |  | 
| Guard Tower | 12 |  | 
| Keep | 1 |  | 
| Arcane Vault | 3 |  | 
| Arcane Sanctum | 2 |  | 
| Blacksmith | 1 |  | 
| Castle | 3 |  | 
| Gryphon Aviary | 1 |  | 
                46 total
 » build order
                00:04 Altar of Kings
00:23 Farm
01:02 Farm
01:38 Barracks
01:43 Farm
01:49 Scout Tower
02:35 Arcane Tower
03:26 Lumber Mill
04:15 Scout Tower
04:16 Scout Tower
04:17 Scout Tower
04:28 Town Hall
04:44 Farm
04:48 Guard Tower
04:48 Guard Tower
04:49 Guard Tower
05:13 Farm
06:05 Scout Tower
06:35 Keep
07:33 Arcane Vault
07:35 Arcane Vault
08:30 Guard Tower
08:30 Guard Tower
08:33 Scout Tower
09:10 Arcane Vault
09:14 Guard Tower
09:14 Guard Tower
09:17 Farm
09:57 Arcane Sanctum
11:19 Arcane Sanctum
12:39 Farm
12:44 Blacksmith
13:28 Farm
13:30 Scout Tower
13:34 Castle
13:34 Castle
13:35 Castle
16:42 Gryphon Aviary
16:57 Scout Tower
19:07 Farm
22:06 Guard Tower
22:06 Guard Tower
22:08 Scout Tower
25:50 Guard Tower
» items
                
                | Boots of Speed | 2 |  | 
| Scroll of Town Portal | 6 |  | 
| Potion of Lesser Invulnerability | 1 |  | 
| Circlet of Nobility | 1 |  | 
| Potion of Healing | 4 |  | 
| Orb of Venom | 1 |  | 
| Anti-magic Potion | 2 |  | 
| Lesser Clarity Potion | 1 |  | 
| Scroll of Regeneration | 3 |  | 
                21 total
  
               
              
              
mapnick (
teal | 49 APM | 1446 actions | 29:18)
              
 4 Demon Hunter 
 2 Mana Burn
 2 Evasion
 4 Keeper of the Grove 
 2 Entangling Roots
 2 Thorns Aura
 
                » actions 
                
                | Assign group hotkey | 16 |  | 
| Basic commands | 2 |  | 
| Build / train | 64 |  | 
| Enter build submenu | 28 |  | 
| Enter hero's abilities submenu | 9 |  | 
| Remove unit from queue | 3 |  | 
| Right click | 836 |  | 
| Select / deselect | 337 |  | 
| Select group hotkey | 46 |  | 
| Use ability | 105 |  | 
                1446 total
 » units 
                
                | Wisp | 20 |  | 
| Archer | 7 |  | 
| Dryad | 5 |  | 
| Mountain Giant | 5 |  | 
| Chimaera | 1 |  | 
                38 total
 » upgrades
                » buildings
                
                | Moon Well | 7 |  | 
| Altar of Elders | 1 |  | 
| Ancient of War | 1 |  | 
| Hunter's Hall | 1 |  | 
| Ancient Protector | 6 |  | 
| Tree of Ages | 1 |  | 
| Ancient of Lore | 2 |  | 
| Tree of Eternity | 1 |  | 
| Ancient of Wonders | 2 |  | 
| Ancient of Wind | 1 |  | 
| Chimaera Roost | 2 |  | 
| Tree of Life | 1 |  | 
                26 total
 » build order
                00:15 Moon Well
00:24 Altar of Elders
00:39 Moon Well
01:48 Ancient of War
02:19 Hunter's Hall
02:26 Moon Well
03:34 Ancient Protector
03:39 Ancient Protector
04:36 Tree of Ages
05:39 Ancient Protector
05:42 Ancient Protector
06:02 Moon Well
06:07 Moon Well
07:36 Ancient of Lore
07:39 Ancient of Lore
08:18 Moon Well
09:15 Tree of Eternity
09:23 Ancient of Wonders
12:38 Ancient of Wonders
13:23 Ancient Protector
13:27 Ancient Protector
15:53 Moon Well
19:10 Ancient of Wind
20:18 Chimaera Roost
20:20 Chimaera Roost
21:34 Tree of Life
» items
                
                | Potion of Lesser Invulnerability | 1 |  | 
| Scroll of Town Portal | 3 |  | 
| Scroll of Healing | 2 |  | 
| Potion of Healing | 2 |  | 
| Staff of Preservation | 1 |  | 
| Potion of Mana | 1 |  | 
                10 total
  
                Chat log
          (00:07 / All) mapnick: i am mega proooo
(00:12 / All) mapnick: i am rus i am 13
(00:28 / All) BuGAGAy): ты ГУСь
(00:29 / All) mapnick: my name is kosty
(00:34 / All) mapnick: i am mega pro
(00:45 / All) mapnick: i am gus
(00:49 / All) mapnick: no gus'
(01:17 / Allies) mapnick: wtf
(01:20 / Allies) mapnick: for rifles
(01:25 / Allies) Tranalis: I'm not going rifles
(01:31 / Allies) mapnick: that
(01:33 / Allies) mapnick: for tech
(01:53 / All) mapnick: i win
(01:57 / All) mapnick: tbl lose
(02:06 / All) mapnick: potome 4to i mega pro
(02:34 / All) mapnick: my ally noob
(02:40 / All) mapnick:  but me pro
(02:42 / All) mapnick: and me win
(02:49 / All) BuGAGAy): ТВой АЛЛи ПРо 
(02:53 / All) BuGAGAy): А ТЫ о4ко
(03:00 / All) mapnick: yvidim^^
(03:09 / All) mapnick: i am 1`3
(03:51 / All) BuGAGAy): MEGA NOOB
(03:58 / All) mapnick: i ma prooo
(04:16 / All) mapnick: i am 1`3
(04:21 / All) mapnick: i am rus
(04:50 / All) mapnick: я тя лоха выебу по самое нехачу
(06:27 / All) mapnick: ПП
(06:29 / All) mapnick: GG
(06:38 / All) mapnick: ally noob
(06:42 / All) mapnick: GG
(06:57 / Allies) Tranalis: do you ever stop spam?
(07:09 / Allies) Tranalis: we've won I got expand they don't
(07:15 / Allies) mapnick: and?
(07:21 / Allies) mapnick: but u havnot units wtf
(07:22 / Allies) Tranalis: expand on this map is hard to get
(07:42 / Allies) Tranalis: please attack
(08:42 / All) Drenziil: pffffffffffff
(10:02 / Allies) mapnick: wtf make units
(10:06 / Allies) mapnick: no need ur gold
(10:26 / All) BuGAGAy): !
(10:43 / All) BuGAGAy): all My too FUCKIN ONOOB
(10:54 / All) mapnick: no
(12:38 / All) BuGAGAy): fuckin allu
(12:42 / All) BuGAGAy): FUCKin NOOB
(12:56 / All) mapnick: i started 1v2 
(13:04 / All) mapnick: now i think 2v2
(13:36 / Allies) mapnick: gold
(13:42 / All) Drenziil: STRFU NOOB SHIT
(14:13 / Allies) mapnick: godl for tp
(14:20 / Allies) mapnick: goold
(15:33 / All) BuGAGAy): fuck you ally
(16:30 / Allies) Tranalis: you must expand
(17:37 / Allies) Tranalis: coming
(19:13 / Allies) mapnick: i go 
(19:15 / Allies) mapnick: chims
(19:59 / Allies) mapnick: b
(21:24 / Allies) mapnick: gold
(21:58 / Allies) mapnick: gold)
(21:59 / Allies) Tranalis: told you to get expand
(22:01 / Allies) mapnick: for chims
(22:15 / Allies) mapnick: ?
(22:26 / Allies) Tranalis: going now
(25:38 / All) BuGAGAy): !!!
(25:50 / All) mapnick: gg
(25:57 / Allies) Tranalis: its not ovber
(26:48 / Allies) mapnick: b
(27:01 / All) Tranalis: wtf
(27:03 / Allies) mapnick: etf
(27:04 / Allies) mapnick: wtf
(27:05 / Allies) mapnick: wtf
(27:24 / All) Tranalis: omg
(27:27 / All) Tranalis: bug
(27:30 / All) BuGAGAy): fy real ally noob
(27:32 / All) BuGAGAy): BIG NOOB
(27:39 / All) Tranalis: you won because of a bug
(27:43 / All) mapnick: мой то
(27:52 / All) Tranalis: I'm sick of tps not taking all units
(28:01 / All) BuGAGAy): you PR0
(28:02 / All) BuGAGAy): MAn
(28:04 / All) BuGAGAy): GG
(28:06 / All) mapnick: becouse
(28:08 / All) mapnick: in tp
(28:10 / All) mapnick: only
(28:12 / All) mapnick: 12 units
(28:23 / All) Tranalis: Town portal unlimited
(29:21 / All) Tranalis: Mass teleport is 24 units
(29:25 / All) Tranalis: stupid bugs